[Event "Titled Tuesday Blitz September 27 Early 2022"]
[White "Burmakin, Vladimir"]
[Black "Gracia Alvarez, Gerardo Antonio"]
[WhiteFideId "4105109"]
[BlackFideId "5109124"]
[WhiteElo "2513"]
[BlackElo "2139"]
[Result "1/2-1/2"]
[Round "05"]
[TimeControl "180+1"]
[Date "2022.09.27"]
[WhiteClock "0:01:05"]
[BlackClock "0:00:13"]

1. c4 e5 2. g3 Nf6 3. Bg2 c6 4. d4 e4 5. d5 Bb4+ 6. Bd2 Qe7 7. Nc3 O-O 8. a3 Bxc3 9. Bxc3 e3 10. f4 Ne4 11. Bxe4 Qxe4 12. Qd4 Qxd4 13. Bxd4 Re8 14. d6 b6 15. c5 bxc5 16. Bxc5 Na6 17. Bd4 c5 18. Bc3 Bb7 19. Nf3 c4 20. O-O-O Nc5 21. Kb1 Bxf3 22. exf3 e2 23. Rd4 Nd3 24. Re4 f5 25. Re5 g5 26. Kc2 h6 27. h4 gxf4 28. gxf4 Nxe5 29. fxe5 Kf7 30. Kd2 Rg8 31. Kxe2 Rg2+ 32. Ke3 Ke6 33. Rd1 Rh2 34. Rd4 Rc8 35. Rf4 a6 36. a4 Rc6 37. a5 h5 38. Bd4 Rc8 39. Bc3 Rc6 40. Bd4 Rc8 41. Bc3 Rc6 1/2-1/2


[Site "https://www.chess.com"]

[Event "Titled Tuesday Blitz September 27 Early 2022"]
[White "Buscar, Michael"]
[Black "Ozates, Tuna"]
[WhiteFideId "2603616"]
[BlackFideId "6354521"]
[WhiteElo "2010"]
[BlackElo "1887"]
[Result "1-0"]
[Round "05"]
[TimeControl "180+1"]
[Date "2022.09.27"]
[WhiteClock "0:01:19"]
[BlackClock "0:02:05"]

1. Nf3 c5 2. g3 Nc6 3. Bg2 g6 4. d3 Bg7 5. Bd2 d6 6. Qc1 e5 7. Bg5 f6 8. Bd2 Be6 9. c4 Qd7 10. Nc3 Nge7 11. h4 h5 12. Qd1 O-O 13. O-O Bh3 14. Ne1 Bxg2 15. Nxg2 d5 16. cxd5 Nxd5 17. Qb3 Ne7 18. e4 c4 19. Qxc4 Rac8 20. Qb3 Rfd8 21. Nxd5 Nxd5 22. Qxd5+ Qxd5 23. exd5 Rxd5 24. Rac1 Rcd8 25. Rc3 Rxd3 26. Rxd3 Rxd3 27. Be3 b6 28. Rc1 f5 29. Ne1 Rd7 30. Nf3 e4 31. Rc8+ Kf7 32. Ng5+ Ke7 33. b3 Bf6 34. Rg8 Rd1+ 35. Kg2 Ra1 36. Rxg6 Rxa2 37. Nh7 Bc3 38. Bg5+ Kf7 39. Rc6 Bd4 40. Rc7+ Ke6 41. Nf8+ Kd5 42. Rd7+ Kc5 43. Ne6+ 1-0


[Site "https://www.chess.com"]

[Event "Titled Tuesday Blitz September 27 Early 2022"]
[White "Bykov, Egor"]
[Black "Svane, Frederik"]
[WhiteFideId "34115290"]
[BlackFideId "12923044"]
[WhiteElo "2653"]
[BlackElo "2825"]
[Result "0-1"]
[Round "05"]
[TimeControl "180+1"]
[Date "2022.09.27"]
[WhiteClock "0:01:34"]
[BlackClock "0:02:26"]

1. d4 Nf6 2. c4 e6 3. Nf3 b6 4. g3 Bb4+ 5. Bd2 Be7 6. Bg2 c6 7. O-O d5 8. b3 O-O 9. Bc3 Nbd7 10. Nbd2 Bb7 11. a4 a5 12. Ne5 Rc8 13. Nxd7 Qxd7 14. e4 c5 15. dxc5 d4 16. Nf3 dxc3 17. Qc2 Bxe4 18. Qxc3 Bxc5 0-1


[Site "https://www.chess.com"]

[Event "Titled Tuesday Blitz September 27 Early 2022"]
[White "Carrasco Miranda, Andres"]
[Black "Gulevich, Artem"]
[WhiteFideId "3405990"]
[BlackFideId "24119580"]
[WhiteElo "2177"]
[BlackElo "2218"]
[Result "1/2-1/2"]
[Round "05"]
[TimeControl "180+1"]
[Date "2022.09.27"]
[WhiteClock "0:00:14"]
[BlackClock "0:00:15"]

1. d4 d5 2. c4 c6 3. Nf3 Nf6 4. e3 e6 5. b3 Bb4+ 6. Nbd2 Nbd7 7. Bd3 Qe7 8. O-O e5 9. dxe5 Nxe5 10. Nxe5 Qxe5 11. Rb1 Bg4 12. Bb2 Qh5 13. f3 Bd6 14. g3 Bh3 15. Re1 O-O 16. Bxf6 gxf6 17. cxd5 Bb4 18. Ne4 Qh6 19. Re2 cxd5 20. Nf2 Be6 21. Kg2 Bc5 22. e4 Bxf2 23. Rxf2 dxe4 24. Bxe4 Rad8 25. Qc1 Qxc1 26. Rxc1 Rd7 27. Rfc2 Rfd8 28. Rf1 b6 29. Rff2 h6 30. h4 Rd4 31. Bc6 R8d6 32. Ba8 Kg7 33. g4 a5 34. Kg3 a4 35. bxa4 Rxa4 36. Be4 Rd1 37. Rc6 Rg1+ 38. Kf4 Ra1 39. Rxb6 R4xa2 40. Rxa2 Rxa2 41. Kg3 Ra4 42. h5 Ra5 43. Rb4 f5 44. gxf5 Bxf5 45. Bxf5 Rxf5 46. Rg4+ Kf6 47. Rf4 Ke5 48. Re4+ Kf6 49. Rf4 Kg5 50. Rh4 Ra5 51. Rf4 f5 52. Rh4 Ra1 53. Rb4 Kxh5 54. Kf4 Kg6 55. Rb2 Ra4+ 56. Kg3 Kg5 57. Rb5 h5 58. Rb8 h4+ 59. Kh3 Ra3 60. Rg8+ Kf4 61. Kxh4 Rxf3 62. Ra8 Re3 63. Ra4+ Re4 64. Ra3 Rd4 65. Kh3 Re4 66. Kg2 Kg4 67. Rg3+ Kf4 68. Rf3+ Ke5 69. Kf2 Rf4 70. Ke2 Ke4 71. Re3+ Kd4 72. Rf3 Rxf3 73. Kxf3 Ke5 74. Ke3 f4+ 75. Kf3 Kf5 76. Kf2 Ke4 77. Ke2 f3+ 78. Kf2 Kf4 79. Kf1 Kg3 80. Kg1 Kg4 81. Kf2 Kf4 82. Kf1 Ke3 83. Ke1 Kd3 84. Kf2 Ke4 85. Kf1 Ke3 86. Ke1 Kf4 87. Kf2 Kg4 88. Kf1 Kg3 89. Kg1 Kh3 90. Kf2 Kg4 91. Kf1 Kg3 1/2-1/2


[Site "https://www.chess.com"]

[Event "Titled Tuesday Blitz September 27 Early 2022"]
[White "Caruana, Fabiano"]
[Black "Pultinevicius, Paulius"]
[WhiteFideId "2020009"]
[BlackFideId "12809390"]
[WhiteElo "2847"]
[BlackElo "2472"]
[Result "0-1"]
[Round "05"]
[TimeControl "180+1"]
[Date "2022.09.27"]
[WhiteClock "0:00:04"]
[BlackClock "0:00:34"]

1. e3 d5 2. Nf3 Nf6 3. b3 Bf5 4. Bb2 e6 5. d3 Nbd7 6. Nbd2 h6 7. g3 Bh7 8. Bg2 c6 9. O-O Bd6 10. Qe2 O-O 11. e4 e5 12. Nh4 Re8 13. a4 a5 14. Rfd1 Qc7 15. Nf1 dxe4 16. dxe4 Nc5 17. Nf5 Bf8 18. Qc4 Rad8 19. N1e3 Ne6 20. h4 Bc5 21. Bc3 b6 22. b4 axb4 23. Bxb4 Bxe3 24. fxe3 c5 25. Bc3 Ng4 26. Qe2 h5 27. Bf3 Bxf5 28. exf5 Nd4 29. exd4 exd4 30. Qg2 Ne3 31. Qf2 Nxd1 32. Bxd1 dxc3 33. Bxh5 Rd2 34. Qf3 Ree2 35. Rf1 Rxc2 36. f6 Rg2+ 37. Qxg2 Rxg2+ 38. Kxg2 Qc6+ 39. Bf3 Qxf6 40. Rf2 Qd4 41. Re2 Qxa4 42. Be4 g6 43. Bc2 Qc6+ 44. Kf2 b5 45. g4 c4 46. h5 gxh5 47. gxh5 Qc5+ 48. Kg3 Qg5+ 49. Kf2 Qxh5 50. Ke3 Qe5+ 51. Kf3 Qd5+ 52. Be4 Qd4 53. Rg2+ Kf8 54. Rh2 b4 55. Re2 b3 0-1


[Site "https://www.chess.com"]

[Event "Titled Tuesday Blitz September 27 Early 2022"]
[White "Cramling Bellon, Anna"]
[Black "Gallegos Diaz, Carlos Alberto"]
[WhiteFideId "32009232"]
[BlackFideId "3900886"]
[WhiteElo "1905"]
[BlackElo "2362"]
[Result "1-0"]
[Round "05"]
[TimeControl "180+1"]
[Date "2022.09.27"]
[WhiteClock "0:00:37"]
[BlackClock "0:01:23"]

1. d4 Nf6 2. c4 d6 3. Nc3 e5 4. dxe5 dxe5 5. Qxd8+ Kxd8 6. Bg5 Be6 7. O-O-O+ Nd7 8. e3 c6 9. Nf3 Kc7 10. Be2 Bb4 11. Bxf6 gxf6 12. Ne4 a5 13. a3 Be7 14. Nfd2 a4 15. f4 f5 16. Nc3 Bc5 17. Nf1 h5 18. g3 1-0


[Site "https://www.chess.com"]

[Event "Titled Tuesday Blitz September 27 Early 2022"]
[White "Curtis, John"]
[Black "Sanchez, Robert"]
[WhiteFideId "3200256"]
[BlackFideId "2034360"]
[WhiteElo "2203"]
[BlackElo "2391"]
[Result "0-1"]
[Round "05"]
[TimeControl "180+1"]
[Date "2022.09.27"]
[WhiteClock "0:00:17"]
[BlackClock "0:01:21"]

1. e4 e6 2. d3 c5 3. Nf3 Nc6 4. Be2 g6 5. O-O Bg7 6. c3 e5 7. a4 Nge7 8. Be3 d6 9. d4 cxd4 10. cxd4 O-O 11. h3 h6 12. Nc3 f5 13. dxe5 dxe5 14. Bc5 Qe8 15. exf5 Bxf5 16. Qb3+ Kh7 17. Qxb7 Rb8 18. Qa6 Rxb2 19. Bb5 e4 20. Bxe7 Qxe7 21. Qxc6 exf3 22. Qxf3 Bc8 23. Nd5 Qg5 24. Ne3 Rxf3 0-1


[Site "https://www.chess.com"]

[Event "Titled Tuesday Blitz September 27 Early 2022"]
[White "Dahale, Atul"]
[Black "Mickiewicz, Piotr"]
[WhiteFideId "5037794"]
[BlackFideId "1114891"]
[WhiteElo "2017"]
[BlackElo "2246"]
[Result "0-1"]
[Round "05"]
[TimeControl "180+1"]
[Date "2022.09.27"]
[WhiteClock "0:00:13"]
[BlackClock "0:00:04"]

1. d4 Nf6 2. c4 g6 3. Nc3 Bg7 4. e4 O-O 5. Nf3 d6 6. h3 e5 7. d5 a5 8. g4 Na6 9. Be3 Nd7 10. Rg1 Ndc5 11. Nd2 Qh4 12. Nb3 Bh6 13. g5 Bg7 14. Nxc5 Nxc5 15. Qc2 f5 16. gxf6 Bh6 17. Rg3 Rxf6 18. Bxh6 Qxh6 19. Qc1 Qh4 20. Qe3 Bd7 21. O-O-O Raf8 22. Rd2 Rf4 23. Bg2 Kg7 24. Kc2 Qf6 25. f3 Qh4 26. Qe1 Rxf3 27. Rxg6+ hxg6 28. Qxh4 R3f4 29. Qe7+ R8f7 30. Qg5 Rf2 31. Qg3 R2f4 32. Qe3 Kh6 33. b3 Kg7 34. a3 R7f6 35. b4 axb4 36. axb4 Na6 37. Kb3 g5 38. c5 dxc5 39. bxc5 Kg6 40. c6 bxc6 41. dxc6 Bxc6 42. Nd5 Bxd5+ 43. Rxd5 c6 44. Qc3 cxd5 45. exd5 Rb6+ 46. Kc2 Nb4+ 47. Kd2 Rf2+ 48. Ke1 Rc2 49. Be4+ Kf6 50. Bxc2 Nxd5 51. Qd3 Nf4 52. Qf5+ Ke7 53. Qxe5+ Re6 54. Qxe6+ Kxe6 55. Be4 Nxh3 56. Ke2 Nf4+ 57. Kf3 Ke5 58. Bc6 Kf6 59. Kg4 Ng6 60. Bf3 Ne5+ 61. Kg3 Kf5 62. Be2 Kf6 63. Bd1 Nc6 64. Be2 Nd4 65. Bf3 Nc2 66. Be2 Nb4 67. Bf3 Nd3 68. Bg4 Ne5 69. Bf3 Kf5 70. Bg2 Nc4 71. Bf3 Nd2 72. Bg4+ Ke5 73. Be2 Kf6 74. Kg4 Ne4 75. Bd3 Nf2+ 76. Kf3 Nxd3 77. Kg3 Kf5 78. Kf3 g4+ 79. Kg3 Kg5 80. Kg2 Kf4 81. Kf1 Kf3 82. Kg1 g3 83. Kf1 g2+ 84. Kg1 Nc1 85. Kh2 Ne2 0-1


[Site "https://www.chess.com"]

[Event "Titled Tuesday Blitz September 27 Early 2022"]
[White "Dardha, Daniel"]
[Black "So, Wesley"]
[WhiteFideId "240990"]
[BlackFideId "5202213"]
[WhiteElo "2528"]
[BlackElo "2763"]
[Result "0-1"]
[Round "05"]
[TimeControl "180+1"]
[Date "2022.09.27"]
[WhiteClock "0:00:01"]
[BlackClock "0:00:36"]

1. e4 c5 2. Nf3 d6 3. d4 cxd4 4. Nxd4 Nf6 5. Nc3 a6 6. Bg5 e6 7. f4 Be7 8. Qf3 Nbd7 9. O-O-O Qc7 10. g4 h6 11. Bh4 g5 12. Bf2 gxf4 13. h4 Ne5 14. Qxf4 Nexg4 15. Qf3 Nxf2 16. Qxf2 Bd7 17. Rg1 Qc5 18. Qh2 O-O-O 19. Nb3 Qe5 20. Qf2 Bc6 21. Nd4 Qc5 22. Qe1 Rhg8 23. Rxg8 Rxg8 24. Nxc6 Qxc6 25. e5 dxe5 26. Qxe5 Qc7 27. Qe3 Ng4 28. Qf3 Ne5 29. Qe3 Bxh4 30. Kb1 Bg5 31. Qa7 Nc6 32. Qf2 Rd8 33. Re1 Bd2 34. Rd1 Bxc3 35. Rxd8+ Nxd8 36. bxc3 Qxc3 37. Bd3 h5 38. Qh4 Qe5 39. Qe7 Qc7 40. Qg5 Qb6+ 41. Kc1 Qd4 42. Qxh5 f5 43. Qf3 Qa1+ 44. Kd2 Qxa2 45. Qg3 Qa5+ 46. Kc1 Qa1+ 47. Kd2 Qa5+ 48. Kc1 Qc7 49. Qg5 Qe5 50. Qe7 Nc6 51. Qf8+ Kc7 52. Qf7+ Kb6 53. Bc4 Qa1+ 54. Kd2 Qd4+ 55. Bd3 Qf4+ 56. Kd1 Qg4+ 57. Kc1 Qg5+ 58. Kb2 Qe7 59. Qg6 a5 60. Qg1+ Qc5 61. Qg8 Qb4+ 62. Kc1 a4 63. Qxe6 a3 64. Bxf5 Qb2+ 65. Kd2 a2 66. Qe3+ Qd4+ 67. Qxd4+ Nxd4 0-1


[Site "https://www.chess.com"]

[Event "Titled Tuesday Blitz September 27 Early 2022"]
[White "De Silva, L M S T"]
[Black "Karavade, Eesha"]
[WhiteFideId "9953698"]
[BlackFideId "5012600"]
[WhiteElo "1727"]
[BlackElo "2258"]
[Result "1-0"]
[Round "05"]
[TimeControl "180+1"]
[Date "2022.09.27"]
[WhiteClock "0:00:04"]
[BlackClock "0:00:09"]

1. e4 c5 2. Nf3 d6 3. Bb5+ Nd7 4. Ba4 Nf6 5. O-O g6 6. Re1 Bg7 7. c3 O-O 8. d4 d5 9. e5 Ne4 10. Nbd2 Nxd2 11. Bxd2 cxd4 12. cxd4 Nb6 13. Bc2 Bg4 14. h3 Bxf3 15. Qxf3 Rc8 16. Bc3 e6 17. Rac1 Qd7 18. g4 Rc7 19. g5 Rfc8 20. h4 Na4 21. Bxa4 Qxa4 22. Kg2 b5 23. a3 a5 24. h5 b4 25. axb4 axb4 26. Bd2 Rxc1 27. Bxc1 Qc2 28. h6 Bf8 29. Qf4 Qf5 30. Qxf5 gxf5 31. Be3 Rc2 32. Ra1 Rxb2 33. Ra8 b3 34. Rb8 f6 35. exf6 Kf7 36. g6+ Kxg6 37. Rxf8 Rc2 38. Rb8 b2 39. Bf4 Kxf6 40. Rb7 Kg6 41. Rg7+ Kh5 42. Rb7 Kg4 43. Be5 f4 44. Rg7+ Kf5 45. Rb7 Ke4 46. Rb3 f3+ 47. Kg3 Rc1 48. Rxb2 Rg1+ 49. Kh4 Rg2 50. Kh3 Rg1 51. Rb7 Kd3 52. Rxh7 Ke2 53. Bg3 Rh1+ 54. Kg4 1-0


[Site "https://www.chess.com"]

[Event "Titled Tuesday Blitz September 27 Early 2022"]
[White "Derjabin, Ilja"]
[Black "Kodinets, Konstantin L."]
[WhiteFideId "14104768"]
[BlackFideId "4122011"]
[WhiteElo "2341"]
[BlackElo "2447"]
[Result "0-1"]
[Round "05"]
[TimeControl "180+1"]
[Date "2022.09.27"]
[WhiteClock "0:00:15"]
[BlackClock "0:00:39"]

1. d4 d6 2. c4 e5 3. d5 Be7 4. Nc3 Nf6 5. e4 O-O 6. Nge2 Nbd7 7. Ng3 c6 8. Be2 a6 9. a4 a5 10. O-O Nc5 11. Be3 Qb6 12. Rb1 Re8 13. Kh1 h6 14. f3 Nh7 15. Qc2 Nf8 16. Na2 Bg5 17. Bg1 Qb3 18. Qxb3 Nxb3 19. Nc3 Nd4 20. Rfd1 c5 21. Nb5 Rd8 22. Nxd4 exd4 23. Nh5 g6 24. f4 gxh5 25. fxg5 hxg5 26. Bxh5 Nd7 27. Rd3 Ne5 28. Rg3 f6 29. h4 g4 30. Rf1 Kg7 31. Rf4 Rh8 32. Bxg4 Bxg4 33. Rfxg4+ Nxg4 34. Rxg4+ Kf7 35. Bh2 Ra6 36. Bf4 Rb6 37. g3 Rxb2 38. Kg1 b5 39. axb5 a4 40. Bxd6 a3 41. Rf4 a2 42. Rf1 Rb1 0-1


[Site "https://www.chess.com"]

[Event "Titled Tuesday Blitz September 27 Early 2022"]
[White "Devaev, Alexander"]
[Black "Thiel, Thomas"]
[WhiteFideId "4169395"]
[BlackFideId "4615964"]
[WhiteElo "2185"]
[BlackElo "2207"]
[Result "1-0"]
[Round "05"]
[TimeControl "180+1"]
[Date "2022.09.27"]
[WhiteClock "0:00:14"]
[BlackClock "0:00:30"]

1. d4 Nf6 2. c4 g6 3. Nc3 d5 4. Nf3 Bg7 5. Bg5 Ne4 6. cxd5 Nxg5 7. Nxg5 e6 8. Nf3 exd5 9. b4 O-O 10. Qb3 c6 11. e3 Re8 12. Be2 Qb6 13. O-O Be6 14. Na4 Qd8 15. Nc5 Bc8 16. Rac1 Nd7 17. Nxd7 Bxd7 18. b5 Qb6 19. Rb1 Rec8 20. a4 cxb5 21. axb5 Be6 22. Ng5 Bf8 23. Nxe6 Qxe6 24. Bf3 Rd8 25. Rfc1 a6 26. bxa6 bxa6 27. Qa2 a5 28. Qa4 Bb4 29. g3 Rac8 30. Kg2 Kg7 31. h3 h5 32. Qb5 Rxc1 33. Rxc1 Rd6 34. Rc7 Rb6 35. Qxd5 Qxd5 36. Bxd5 Be1 37. Rxf7+ Kh6 38. g4 hxg4 39. hxg4 a4 40. f4 g5 41. Be4 gxf4 42. exf4 Rb2+ 43. Kf3 Rb3+ 44. Ke2 Bg3 45. Rh7# 1-0


[Site "https://www.chess.com"]

[Event "Titled Tuesday Blitz September 27 Early 2022"]
[White "Dilanyan, Grigor"]
[Black "Przybylski, Wojciech"]
[WhiteFideId "13303570"]
[BlackFideId "1117599"]
[WhiteElo "2264"]
[BlackElo "2133"]
[Result "1-0"]
[Round "05"]
[TimeControl "180+1"]
[Date "2022.09.27"]
[WhiteClock "0:00:09"]
[BlackClock "0:00:02"]

1. d4 d5 2. Nf3 Nf6 3. g3 e6 4. Bg2 Bb4+ 5. c3 Be7 6. O-O O-O 7. c4 Nbd7 8. Qc2 c6 9. Rd1 b6 10. Nc3 Bb7 11. Bf4 a5 12. b3 Rc8 13. Nd2 Nh5 14. Be3 f5 15. f4 Nhf6 16. Nf3 Ne4 17. Nxe4 fxe4 18. Ne5 Qe8 19. Bh3 Nxe5 20. dxe5 Bc5 21. Bxc5 bxc5 22. Qc3 a4 23. Qa5 Qe7 24. Rac1 Ra8 25. Qe1 e3 26. cxd5 cxd5 27. Qc3 axb3 28. axb3 Rac8 29. Qxe3 Rfd8 30. Qd3 g6 31. Qb5 Rc7 32. Qb6 Kf7 33. e4 d4 34. b4 Bxe4 35. Rxc5 Rb7 36. Bxe6+ Kg7 37. Qa6 Ra7 38. Qc4 Bf3 39. Rxd4 Rxd4 40. Qxd4 Qxe6 41. Rc2 Bc6 42. Qxa7+ Kh6 43. Qb6 Qd5 44. Qxc6 Qd1+ 45. Kf2 Qd4+ 46. Ke2 Qxb4 47. Qc4 Qb1 48. Qd3 Qh1 49. Ke3 Qg1+ 50. Ke4 Qh1+ 51. Qf3 Qe1+ 52. Qe3 Qd1 53. f5+ g5 54. Rc6+ Kg7 55. Qxg5+ Kh8 56. Qf6+ Kg8 57. Rc8+ Qd8 58. Rxd8# 1-0


[Site "https://www.chess.com"]

[Event "Titled Tuesday Blitz September 27 Early 2022"]
[White "Domingo Nunez, Ruben"]
[Black "Guliev, Logman"]
[WhiteFideId "22245570"]
[BlackFideId "13400061"]
[WhiteElo "2406"]
[BlackElo "2128"]
[Result "1-0"]
[Round "05"]
[TimeControl "180+1"]
[Date "2022.09.27"]
[WhiteClock "0:01:41"]
[BlackClock "0:00:39"]

1. b3 e5 2. Bb2 d6 3. c4 Be6 4. g3 Nd7 5. Bg2 c6 6. d4 g6 7. d5 cxd5 8. cxd5 Bg4 9. h3 Bf5 10. e4 Nh6 11. Nc3 Bg7 12. Nf3 O-O 13. O-O Rc8 14. exf5 gxf5 15. Rc1 Nf6 16. Qd2 f4 17. gxf4 Nf5 18. fxe5 dxe5 19. Qg5 Nd6 20. Nxe5 Kh8 21. Ng4 Nd7 22. Qxd8 1-0


[Site "https://www.chess.com"]

[Event "Titled Tuesday Blitz September 27 Early 2022"]
[White "Dowgird, Filip"]
[Black "Sovetbekova, Nurai"]
[WhiteFideId "1121235"]
[BlackFideId "13801910"]
[WhiteElo "2215"]
[BlackElo "1646"]
[Result "1-0"]
[Round "05"]
[TimeControl "180+1"]
[Date "2022.09.27"]
[WhiteClock "0:00:28"]
[BlackClock "0:00:03"]

1. d4 Nf6 2. Bf4 g6 3. Nc3 d5 4. Nf3 Bg7 5. e3 O-O 6. h4 c5 7. dxc5 Qa5 8. Be5 Nbd7 9. Bd4 Nxc5 10. a3 Nce4 11. b4 Nxc3 12. Bxc3 Qc7 13. Be5 Qc6 14. Qd4 Bg4 15. Bd3 Bxf3 16. gxf3 Nh5 17. Bxg7 Nxg7 18. f4 f6 19. Kd2 e5 20. Qb2 exf4 21. exf4 Qb6 22. Raf1 d4 23. Qb3+ Kh8 24. h5 gxh5 25. Rfg1 Qd6 26. Rh4 Rae8 27. Qa4 a6 28. Qa5 Re6 29. Rxg7 Kxg7 30. Qxh5 Rh8 31. Rg4+ Kf8 32. Qh6+ Ke8 33. Qg7 Rf8 34. Qxb7 Re7 35. Qc8+ Kf7 36. Bc4+ Re6 37. Bxe6+ Qxe6 38. Rg7+ Kxg7 39. Qxe6 1-0


[Site "https://www.chess.com"]

[Event "Titled Tuesday Blitz September 27 Early 2022"]
[White "Dushyant Sharma"]
[Black "Kalajzic, Ivan"]
[WhiteFideId "25065130"]
[BlackFideId "14506378"]
[WhiteElo "2144"]
[BlackElo "2163"]
[Result "1-0"]
[Round "05"]
[TimeControl "180+1"]
[Date "2022.09.27"]
[WhiteClock "0:01:16"]
[BlackClock "0:01:50"]

1. e4 Nc6 2. Nf3 d6 3. d4 Bg4 4. Be2 e5 5. d5 Nce7 6. h3 Bd7 7. c4 Nf6 8. Nc3 a6 9. Bg5 Ng6 10. Qc2 Be7 11. O-O-O b5 12. h4 h5 13. Nd2 Qb8 14. f3 Ng8 15. g4 Bxg5 16. hxg5 Nf4 17. Nf1 h4 18. Ne3 b4 19. Nb1 b3 20. axb3 Nxe2+ 21. Qxe2 Qxb3 22. Rd3 Qxc4+ 23. Nxc4 1-0


[Site "https://www.chess.com"]

[Event "Titled Tuesday Blitz September 27 Early 2022"]
[White "Eisa Mohmood, Alkhoori"]
[Black "Flis, Pawel"]
[WhiteFideId "9316116"]
[BlackFideId "1112864"]
[WhiteElo "1245"]
[BlackElo "1735"]
[Result "1-0"]
[Round "05"]
[TimeControl "180+1"]
[Date "2022.09.27"]
[WhiteClock "0:01:08"]
[BlackClock "0:01:05"]

1. e4 c5 2. Nf3 d6 3. d4 Nf6 4. Nc3 cxd4 5. Nxd4 a6 6. Bg5 e6 7. f4 h6 8. Bh4 Be7 9. Be2 Qc7 10. O-O Qb6 11. Bf2 Qxb2 12. Qd3 Qa3 13. Rab1 O-O 14. Nd5 Qxd3 15. Nxe7+ Kh8 16. Bxd3 Re8 17. Nxc8 Rxc8 18. Rxb7 Kg8 19. Rfb1 Nbd7 20. Nb3 a5 21. a4 Nc5 22. Nxc5 dxc5 23. e5 Nd5 24. Be4 Nc3 25. Re1 Rab8 26. Rxb8 Rxb8 27. Bxc5 Rb2 28. Bd4 Rb1 29. Bxc3 1-0


[Site "https://www.chess.com"]

[Event "Titled Tuesday Blitz September 27 Early 2022"]
[White "Erenberg, Ariel"]
[Black "Molina, Roberto Junio Brito"]
[WhiteFideId "2811634"]
[BlackFideId "2109450"]
[WhiteElo "2644"]
[BlackElo "2809"]
[Result "1-0"]
[Round "05"]
[TimeControl "180+1"]
[Date "2022.09.27"]
[WhiteClock "0:01:15"]
[BlackClock "0:01:19"]

1. e4 c6 2. d4 d5 3. e5 Bf5 4. h4 Qb6 5. c4 dxc4 6. Na3 Qb4+ 7. Bd2 Qxb2 8. Nxc4 Qxd4 9. Nf3 Qd8 10. Ne3 Be6 11. Ng5 Qd7 12. Nxe6 Qxe6 13. Bc4 Qxe5 14. Qb3 Qxa1+ 15. Ke2 Qxh1 16. Bxf7+ Kd8 17. Qxb7 a5 18. Be6 1-0


[Site "https://www.chess.com"]

[Event "Titled Tuesday Blitz September 27 Early 2022"]
[White "Ernst, Sipke"]
[Black "Harsh Suresh"]
[WhiteFideId "1004689"]
[BlackFideId "45018464"]
[WhiteElo "2673"]
[BlackElo "2833"]
[Result "1-0"]
[Round "05"]
[TimeControl "180+1"]
[Date "2022.09.27"]
[WhiteClock "0:00:15"]
[BlackClock "0:00:24"]

1. d4 Nf6 2. c4 d6 3. Nf3 Nbd7 4. Nc3 e5 5. e4 Be7 6. Be2 O-O 7. O-O Re8 8. Re1 Bf8 9. Bf1 c6 10. h3 Qc7 11. Be3 g6 12. Rc1 Bg7 13. a3 exd4 14. Bxd4 Ne5 15. Nxe5 dxe5 16. Be3 Be6 17. Nd5 Qd8 18. Nxf6+ Bxf6 19. Qxd8 Rexd8 20. Red1 b6 21. Be2 Be7 22. Kf1 f5 23. exf5 gxf5 24. f4 e4 25. Bd4 Bh4 26. Be5 Kf7 27. b4 Ke7 28. g4 Rg8 29. g5 h6 30. Bf6+ Kf8 31. Rd6 Bf7 32. gxh6 Bxf6 33. Rxf6 Ke7 34. Rxf5 Be6 35. Re5 Kf6 36. Kf2 Bxh3 37. h7 Rg2+ 38. Ke3 Bf5 39. Rd1 Rxe2+ 40. Kxe2 Bg4+ 41. Ke1 Bxd1 42. Kxd1 Rh8 43. Rh5 Kg6 44. Rh2 Rxh7 45. Rxh7 Kxh7 46. Ke2 Kg6 47. Ke3 Kf5 48. b5 cxb5 49. cxb5 Ke6 50. Kxe4 Kd6 51. f5 Kc5 52. Ke5 Kxb5 53. f6 Ka4 54. f7 Kxa3 55. f8=Q+ Ka4 56. Qd6 b5 57. Kd4 a5 58. Kc3 b4+ 59. Kc4 Ka3 60. Qd3+ Kb2 61. Qb3+ Ka1 62. Kd3 a4 63. Qxb4 a3 64. Kc2 a2 65. Qd4# 1-0


[Site "https://www.chess.com"]

[Event "Titled Tuesday Blitz September 27 Early 2022"]
[White "Fawzy, Adham"]
[Black "Shyaamnikhil P"]
[WhiteFideId "10613129"]
[BlackFideId "5024218"]
[WhiteElo "2541"]
[BlackElo "2273"]
[Result "0-1"]
[Round "05"]
[TimeControl "180+1"]
[Date "2022.09.27"]
[WhiteClock "0:00:10"]
[BlackClock "0:00:26"]

1. e4 Nf6 2. e5 Ng8 3. Nf3 d5 4. exd6 exd6 5. d4 d5 6. Bd3 Bd6 7. O-O Ne7 8. Re1 Nc6 9. c3 Bg4 10. h3 Bh5 11. Be3 Qd7 12. a4 Bg6 13. Na3 a6 14. Nc2 O-O 15. Bxg6 Nxg6 16. Qd2 Na5 17. Rad1 Nc4 18. Qc1 Qxa4 19. Na1 Nxe3 20. fxe3 Bg3 21. Re2 Rae8 22. b3 Qd7 23. Qc2 h6 24. c4 Re4 25. cxd5 Qxd5 26. Nd2 Re7 27. Nc4 Rfe8 28. Qd3 b5 29. e4 Qg5 30. Nd2 Nf4 31. Nf3 Nxe2+ 32. Qxe2 Qf4 33. e5 f6 34. Nc2 fxe5 35. dxe5 Qf7 36. Ncd4 Bxe5 37. Nxe5 Rxe5 38. Qc2 Re1+ 39. Rxe1 Rxe1+ 40. Kh2 Qf4+ 41. g3 Qxd4 42. b4 Qg1# 0-1


[Site "https://www.chess.com"]

[Event "Titled Tuesday Blitz September 27 Early 2022"]
[White "Ferreira, Vitor Hugo Vieira"]
[Black "Wachinger, Guenther"]
[WhiteFideId "2119765"]
[BlackFideId "4604261"]
[WhiteElo "2168"]
[BlackElo "2212"]
[Result "1/2-1/2"]
[Round "05"]
[TimeControl "180+1"]
[Date "2022.09.27"]
[WhiteClock "0:00:12"]
[BlackClock "0:00:03"]

1. e3 e5 2. Nf3 Nc6 3. d4 exd4 4. exd4 d5 5. Bd3 Bd6 6. O-O Nge7 7. Re1 h6 8. c3 Bg4 9. Nbd2 Qd7 10. Nf1 O-O-O 11. Ne3 Bh5 12. Be2 f5 13. b4 f4 14. Nf1 Nf5 15. b5 Nce7 16. a4 g5 17. a5 Kb8 18. b6 cxb6 19. axb6 a6 20. Ne5 Bxe5 21. Bxh5 Bd6 22. Bg4 h5 23. Be2 g4 24. Bxa6 bxa6 25. Rxa6 Nc8 26. Qb3 Qb7 27. Qa4 Nxb6 28. Qb5 Nc8 29. Qa4 Nb6 30. Qb5 Bc7 31. Bxf4 Nd6 32. Qd3 Ndc4 33. Bxc7+ Qxc7 34. Rea1 h4 35. g3 hxg3 36. Nxg3 Qh7 37. Qxh7 Rxh7 38. Rb1 Kb7 39. Ra2 Rdh8 40. Nf1 Rh3 41. Re2 Rxc3 42. Re7+ Kc6 43. Rg7 Nd6 44. Rg6 Nc4 45. Re1 Rd3 46. Ng3 Rf8 47. Ree6 Rd1+ 48. Kg2 Rd2 49. Re2 Rxe2 50. Nxe2 Kb5 51. Rxg4 Ne4 52. f3 Ne3+ 53. Kh3 Nxg4 54. Kxg4 Nd2 55. f4 Kc4 56. f5 Ne4 57. h4 Kd3 58. Nf4+ Ke3 59. Nxd5+ Kxd4 60. Nf4 Rg8+ 61. Kf3 Ke5 62. Ng6+ Kd4 63. Kg4 Nf2+ 64. Kg5 Ne4+ 65. Kg4 Ra8 66. h5 Nf6+ 67. Kg5 Nd5 68. h6 Ra1 69. h7 Rg1+ 70. Kh6 Rh1+ 71. Kg7 Ne3 72. f6 Nf5+ 73. Kg8 Nh6+ 74. Kf8 Nf5 75. h8=Q Rxh8+ 76. Nxh8 Ke5 77. f7 Nd6 78. Ng6+ Kf6 79. Kg8 Nxf7 1/2-1/2


[Site "https://www.chess.com"]

[Event "Titled Tuesday Blitz September 27 Early 2022"]
[White "Fiorito, Francisco"]
[Black "Jones, Daniel"]
[WhiteFideId "180165"]
[BlackFideId "2019655"]
[WhiteElo "1787"]
[BlackElo "2346"]
[Result "0-1"]
[Round "05"]
[TimeControl "180+1"]
[Date "2022.09.27"]
[WhiteClock "0:00:04"]
[BlackClock "0:01:09"]

1. d4 Nf6 2. Nf3 c5 3. d5 d6 4. Nc3 g6 5. e4 Bg7 6. Bc4 a6 7. a4 O-O 8. O-O Nbd7 9. Re1 Ng4 10. h3 Nge5 11. Nxe5 Nxe5 12. Bf1 h6 13. Be3 g5 14. Qd2 Ng6 15. g3 Bd7 16. a5 b5 17. axb6 Qxb6 18. Ra2 Ne5 19. Qd1 Bb5 20. Nxb5 axb5 21. Rxa8 Rxa8 22. b3 Ra2 23. Be2 Qa5 24. Bd2 Qa3 25. Bxb5 Qb2 26. Be3 Qxc2 27. Qxc2 Rxc2 28. Kg2 Rb2 29. Ra1 Rxb3 30. Ra8+ Kh7 31. Be2 Rb2 32. Bf1 Ng6 33. Ra7 Bd4 34. Bxd4 cxd4 35. Ra4 Rd2 36. Ra7 Kg7 37. Bc4 Ne5 38. Bb5 Kf6 39. Kf1 h5 40. Ra3 g4 41. hxg4 hxg4 42. Be2 d3 43. Bxd3 Nxd3 44. Ra8 Rxf2+ 0-1


[Site "https://www.chess.com"]